 Dungeon Crawl Stone Soup version 0.16-a0-3834-g51c8674 (console) character file.

388 mauris the Stinger (level 6, -2/47 HPs)
             Began as a Draconian Transmuter on Jan 26, 2015.
             Killed by nerve-wracking pain
             ... invoked by Grinder
              (8 damage)
             ... on level 4 of the Dungeon on Jan 30, 2015.
             The game lasted 00:12:00 (4785 turns).

mauris the Stinger (Draconian Transmuter)           Turns: 4785, Time: 00:12:00

Health: -2/47      AC:  2    Str: 12    XL:     6   Next: 49%
Magic:  5/10       EV: 19    Int: 13    God:
Gold:   128        SH:  0    Dex: 19    Spells: 2 memorised, 5 levels left

rFire  . . .     SeeInvis .       - Unarmed
rCold  + . .     Clarity  .     (armour unavailable)
rNeg   . . .     SustAb   .     (shield currently unavailable)
rPois  x         Gourm    .     (helmet currently unavailable)
rElec  .         Spirit   .     (cloak currently unavailable)
rCorr  .         Warding  .     (gloves currently unavailable)
rMut   .         Stasis   .     (boots currently unavailable)
MR     .....                    (no amulet)
Stlth  ++........               (no ring)
                                g - ring of protection from cold

@: spider-form, very slightly contaminated, not resistant to hostile
enchantments, unstealthy
A: unfitting armour, (cold-blooded), AC +6
a: End Transformation


You were on level 4 of the Dungeon.
You were very hungry.
You were a venomous arachnid creature.
You visited 1 branch of the dungeon, and saw 4 of its levels.

You collected 128 gold pieces.

Inventory:

Missiles
 b - 29 arrows
 u - 10 poisoned needles
Armour
 c - a +0 cloak
Jewellery
 g - a ring of protection from cold (left front leg)
 m - an uncursed ring of fire {unknown}
 s - an uncursed amulet of resist corrosion {unknown}
Magical devices
 o - a wand of teleportation (4) {@v4}
 t - a wand of lightning (5)
Scrolls
 e - a scroll of blinking {unknown}
 i - 4 scrolls of identify {@r1}
 k - 2 scrolls of remove curse
 q - a scroll of fog {unknown}
 v - a scroll of teleportation {unknown}
 w - a scroll of random uselessness {unknown}
Potions
 h - 3 potions of cancellation
 l - a potion of restore abilities {unknown}
 n - a potion of degeneration {!q}
 p - a potion of beneficial mutation {unknown}
Books
 d - a book of Changes

   Spells                             Type                      Level
   a - Beastly Appendage              Transmutation                1
   b - Sticks to Snakes               Transmutation                2
   c - Spider Form                    Transmutation/Poison         3
   d - Ice Form                       Ice/Transmutation            4
   e - Blade Hands                    Transmutation                5
Comestibles
 a - 3 bread rations
 f - a meat ration
 j - a slice of pizza
 r - a royal jelly


   Skills:
 - Level 1.1 Fighting
 - Level 1.7 Dodging
 - Level 3.0 Unarmed Combat
 - Level 2.0 Spellcasting
 + Level 4.2 Transmutations
 - Level 5.4 Poison Magic


You had 5 spell levels left.
You knew the following spells:

 Your Spells              Type           Power        Failure   Level  Hunger
a - Beastly Appendage     Trmt           ##....       17%         1    ##.....
b - Spider Form           Trmt/Pois      ##........   28%         3    ####...


Dungeon Overview and Level Annotations

Branches:
Dungeon (4/15)
 Temple: D:4-7

Altars:
Ashenzari

Annotations:
D:4 Grinder


Innate Abilities, Weirdness & Mutations

((Your plain brown scales are hard (AC +6).))
Your body does not fit into most forms of armour.
((Your cold-blooded metabolism reacts poorly to cold.))


Message History

Grinder blinks!
Grinder says, "Wait up."
You hit Grinder.
Grinder is heavily wounded.
Grinder closely misses you.
Press: ? - help, v - describe, . - travel
Here: Grinder (heavily wounded)
A stone staircase leading up.
Unknown command.
You hit Grinder.
Grinder is severely wounded.
Grinder hits you!
* * * LOW HITPOINT WARNING * * *
You writhe in agony.
* * * LOW HITPOINT WARNING * * *
Huge Dmg: -24%(-11hp) hp: 13%(6hp) Grinder grins, showing sharp teeth.
Grinder gestures at you. Pain shoots through your body!
You die...

..###.###.#.###.#####.##.###.#
.......##.#.# #.# #.# .# #.#
..###.......# #.# #.##.#
#.#### ..###.###.### #.#
#.##.# #..)). ..>.....#.# #.#
#.##.# #.#### #####.#.#.# #.#
......# #.#.#.# ##.# ##.#####
#.#...####..#####.##.#
#<#.........s.5<..##.########
###
#.#.######.#########.........
... ..#.# #...# #.######## ###
#.#.# ###.# #.# ... ..#.# #r#
#.# >.. ..# #.# #.## ## ###
#.# #..# #.# #..# #.# #..#


You could see Grinder.

Vanquished Creatures
  An ogre (D:4)
  A scorpion (D:4)
  An orc priest (D:3)
  A hound (D:4)
  9 adders
  A giant mite (D:2)
  2 worms
  2 oozes (D:1)
  9 orcs
  A ball python (D:3)
  8 goblins
  8 hobgoblins
  4 jackals (D:2)
  8 kobolds
  2 quokkas (D:3)
  8 bats
  3 giant cockroaches
  4 giant geckos
  7 giant newts
  12 rats
92 creatures vanquished.

Notes
Turn   | Place    | Note
--------------------------------------------------------------
     0 | D:1      | mauris, the Draconian Transmuter, began the quest for the Orb.
     0 | D:1      | Reached XP level 1. HP: 16/16 MP: 3/3
     0 | D:1      | Upgraded the game from 0.16-a0-3807-g3748f16 to 0.16-a0-3820-g492871e
     0 | D:1      | hi
     0 | D:1      | hi
     0 | D:1      | hi
     0 | D:1      | hi
     0 | D:1      | hi
     0 | D:1      | hi
     0 | D:1      | hi
     0 | D:1      | hi
     0 | D:1      | hi
     0 | D:1      | hi
     0 | D:1      | hi
     0 | D:1      | Upgraded the game from 0.16-a0-3820-g492871e to 0.16-a0-3834-g51c8674
    35 | D:1      | Huge Dmg: 4 Dmg
   262 | D:1      | Huge Dmg: 5 Dmg
   297 | D:1      | Reached XP level 2. HP: 17/23 MP: 4/4
   460 | D:1      | Huge Dmg: 5 Dmg
   838 | D:1      | Reached XP level 3. HP: 28/28 MP: 3/6
   866 | D:1      | Learned a level 3 spell: Spider Form
  1016 | D:2      | Reached skill level 1 in Poison Magic
  1284 | D:2      | Huge Dmg: 8 Dmg
  1523 | D:2      | Reached XP level 4. HP: 35/35 MP: 5/7
  2557 | D:3      | Reached XP level 5. HP: 28/40 MP: 6/9
  2920 | D:3      | Found a shattered altar of Ashenzari.
  3491 | D:3      | Reached skill level 4 in Poison Magic
  3495 | D:3      | Huge Dmg: 13 Dmg
  3496 | D:3      | Huge Dmg: 3 Dmg
  3942 | D:4      | Noticed an ogre
  3952 | D:4      | Huge Dmg: 22 Dmg
  3978 | D:4      | Killed an ogre
  3978 | D:4      | Reached skill level 5 in Poison Magic
  3978 | D:4      | Reached XP level 6. HP: 24/47 MP: 10/10
  4182 | D:4      | Huge Dmg: 9 Dmg
  4191 | D:4      | Huge Dmg: 9 Dmg
  4202 | D:4      | Huge Dmg: 4 Dmg
  4506 | D:4      | Noticed Grinder
  4512 | D:4      | Huge Dmg: 11 Dmg
  4514 | D:4      | Huge Dmg: 13 Dmg
  4517 | D:4      | Huge Dmg: 10 Dmg
  4777 | D:4      | Huge Dmg: 10 Dmg
  4779 | D:4      | Huge Dmg: 11 Dmg
  4780 | D:4      | Huge Dmg: 9 Dmg
  4784 | D:4      | Huge Dmg: 11 Dmg
  4785 | D:4      | Killed from afar by Grinder

Action                   |  1- 3 |  4- 6 || total
-------------------------+-------+-------++-------
Melee: Unarmed           |   162 |   222 ||   384
 Cast: Beastly Appendage |     6 |    13 ||    19
       Spider Form       |     1 |     6 ||     7
  Use: Scroll            |       |     3 ||     3
       Potion            |       |     2 ||     2
  Eat: Chunk             |     2 |    11 ||    13

Vault maps used:
D:1:      ncdulo_watergridlock
D:2:      first_bread
D:3:      overflow_temple_1_default
D:4:      grunt_qazlal_sundering, uniq_grinder, uniq_robin
